 Dungeon Crawl Stone Soup version 0.26.1-11-gd32895ea62 (webtiles) character file.

Game seed: 1648126836789490186

59 Arcadio the Firebug (level 4, 0/30 HPs)
             Began as a Human Fire Elementalist on May 21, 2021.
             Killed from afar by Natasha (3 damage)
             ... with a magic dart
             ... on level 3 of the Dungeon.
             The game lasted 00:07:36 (3245 turns).

Arcadio the Firebug (Human Fire Elementalist)       Turns: 3245, Time: 00:07:37

Health: 0/30       AC:  2    Str: 14    XL:     4   Next: 22%
Magic:  5/7        EV: 13    Int: 16    God:
Gold:   98         SH:  0    Dex: 14    Spells: 3/7 levels left

rFire    . . .     SeeInvis .   e - +0 dagger
rCold    . . .     Faith    .   (no shield)
rNeg     . . .     Spirit   .   a - +0 robe
rPois    .         Reflect  .   (no helmet)
rElec    .         Harm     .   (no cloak)
rCorr    .         Rampage  .   (no gloves)
Will     .....                  (no boots)
Stlth    ++........             (no amulet)
HPRegen  0.10/turn              i - +6 ring of strength
MPRegen  0.10/turn              (no ring)

@: very slightly contaminated, slowed, invisible, very slow
A: no striking features
a: no special abilities


You were on level 3 of the Dungeon.
You visited 1 branch of the dungeon, and saw 3 of its levels.

You collected 98 gold pieces.

Inventory:

Hand Weapons
 c - a +0 club
 e - a +0 dagger (weapon)
Missiles
 h - 26 poisoned darts (quivered)
Armour
 a - a +0 robe (worn)
Jewellery
 g - an uncursed amulet of guardian spirit
 i - a +6 ring of strength (left hand)
Scrolls
 b - a scroll of identify
 d - 2 scrolls of fog {unknown}
 k - a scroll of magic mapping
 m - a scroll of remove curse
Potions
 f - a potion of attraction
 l - a potion of lignification


   Skills:
 + Level 3.2 Dodging
 - Level 2.0 Stealth
 - Level 2.0 Spellcasting
 + Level 2.0 Conjurations
 + Level 3.4 Fire Magic


You had 3 spell levels left.
You knew the following spells:

 Your Spells              Type           Power        Failure   Level
a - Foxfire               Conj/Fire      40%          7%          1
b - Conjure Flame         Conj/Fire      10%          21%         3

Your spell library contained the following spells:

 Spells                   Type           Power        Failure   Level
 Inner Flame              Hex/Fire       7%           30%         3
 Sticky Flame             Conj/Fire      10%          54%         4
 Fireball                 Conj/Fire      5%           88%         5


Dungeon Overview and Level Annotations

Branches:
Dungeon (3/15)

Altars:

Annotations:
D:3 Natasha


Message History

Natasha claws you!
Your magical contamination has completely faded away.
Casting: Foxfire (safe; 7% risk of failure)
Confirm with . or Enter, or press ? or * to list all spells.
You conjure some foxfire!
Natasha closely misses you. Natasha casts a spell at you.
The magic dart hits you!
The foxfire hits Natasha.
Natasha is moderately wounded.
The foxfire hits Natasha.
Natasha is heavily wounded.
Natasha stares at you and mumbles some strange words.
The magic dart hits you!
* * * LOW HITPOINT WARNING * * *
You fade into invisibility!
Natasha closely misses you. Natasha misses you.
You are very lightly contaminated with residual magic.
Natasha stares at you and mumbles some strange words.
The magic dart hits you.
You die...

..## #.#
...#.#####..
#.#...l....
#...######<
###.#
###l###
#..h..#
#.....#
#.@...#
#.....#
#.....#
#######


You could see Natasha and a frilled lizard.

Vanquished Creatures
  An ooze (D:1)
  2 dart slugs
  A leopard gecko (D:2)
  3 ball pythons
  5 giant cockroaches
  6 goblins
  3 hobgoblins (D:1)
  9 jackals (D:1)
  3 bats
  3 frilled lizards
  4 kobolds
  5 rats
45 creatures vanquished.

Vanquished Creatures (others)
  106 foxfires
106 creatures vanquished.

Grand Total: 151 creatures vanquished

Notes
Turn   | Place    | Note
-------+----------+-------------------------------------------
     0 | D:1      | Arcadio the Human Fire Elementalist began the quest for the
                  | Orb.
     0 | D:1      | Reached XP level 1. HP: 13/13 MP: 3/3
   146 | D:1      | Reached XP level 2. HP: 19/19 MP: 1/5
  1052 | D:1      | Reached XP level 3. HP: 23/24 MP: 2/6
  2276 | D:1      | Learned a level 3 spell: Conjure Flame
  2647 | D:2      | Reached XP level 4. HP: 30/30 MP: 5/7
  3233 | D:3      | Noticed Natasha
  3245 | D:3      | Killed from afar by Natasha

Illustrated notes

Levels and vault maps discovered:
D:1:      dpeg_arrival_windows_large_door, layout_basic, chequers_mini_garden,
          hangedman_decor_slide_cut
D:2:      layout_basic, nicolae_overflow_hidden_temple
D:3:      layout_loops_cross, uniq_natasha

Skill      XL: |  1  2  3  4 |
---------------+-------------+-----
Dodging        | 3 |  3.2
Conjurations   | 2 |  2.0
Stealth        | |  2.0
Spellcasting   | |  2.0
Fire Magic     | |  3.4

Action                   |  1- 3 |  4- 6 || total
-------------------------+-------+-------++-------
Melee: Club              |     2 |       ||     2
       Dagger            |    15 |       ||    15
 Cast: Foxfire           |    53 |    12 ||    65
  Use: Scroll            |       |     6 ||     6
       Potion            |       |     1 ||     1
 Stab: Sleeping          |     1 |       ||     1
Armor: Robe              |    13 |     1 ||    14
Dodge: Dodged            |    72 |     4 ||    76
